 Dungeon Crawl Stone Soup version 0.30-a0-311-gf115ab0292 (webtiles) character file.

Game seed: 793840255046049995

1022 koil the Ducker (level 8, -1/40 HPs)
             Began as a Spriggan Hunter on Oct 26, 2022.
             Was a Follower of Makhleb.
             Killed by nerve-wracking pain
             ... invoked by Menkaure
              (14 damage)
             ... on level 5 of the Dungeon.
             The game lasted 00:16:50 (4379 turns).

koil the Ducker (Spriggan Hunter)                   Turns: 4379, Time: 00:16:51

Health: -1/40      AC:  3    Str:  7    XL:     8   Next: 2%
Magic:  11/14      EV: 20    Int: 11    God:    Makhleb [*.....]
Gold:   145        SH:  0    Dex: 20    Spells: 10/14 levels left

rFire   . . .      SeeInvis +    a - +0 shortbow
rCold   . . .      Faith    .    (shield currently unavailable)
rNeg    . . .      Spirit   .    e - +0 robe
rPois   .          Reflect  .    (helmet restricted)
rElec   .          Harm     .    t - +0 cloak
rCorr   .          Rampage  .    (gloves unavailable)
Will    +....                    (boots unavailable)
Stlth   +++.......               (no amulet)
HPRegen 0.26/turn                (no ring)
MPRegen 0.14/turn                (no ring)

@: very quick
A: very small, no large weapons, unfitting armour, see invisible, speed 3
a: Renounce Religion


You were on level 5 of the Dungeon.
You worshipped Makhleb.
Makhleb was aware of your devotion.
You visited 1 branch of the dungeon, and saw 5 of its levels.

You collected 229 gold pieces.
You spent 84 gold pieces at shops.

Inventory:

Hand Weapons
 a - a +0 shortbow (weapon)
 b - a +3 dagger of draining
 s - a +4 quarterstaff of chaos
 x - a +2 quarterstaff of speed
 y - a +1 dagger of holy wrath
 B - a +1 whip of pain
 C - a +1 whip of venom
 D - a +0 short sword of distortion
 E - a +0 dagger of venom
 H - a +1 falchion of holy wrath
 J - a +5 spear of freezing
 O - a +2 dagger of venom
 Q - the +4 mace of Anguish {pain, rElec rPois Int+4 Dex+2}
   (You found it on level 5 of the Dungeon)

   In the hands of one skilled in necromantic magic, it inflicts extra damage on
   living creatures.
   Int:       It affects your intelligence (+4).
   Dex:       It affects your dexterity (+2).
   rElec:     It insulates you from electricity.
   rPois:     It protects you from poison.
Missiles
 o - 16 poisoned darts
Armour
 c - a +0 robe
 e - a +0 robe (worn)
 t - a +0 cloak (worn)
 K - a +0 robe
 L - a +0 robe
 M - a +0 robe
 P - a +0 cloak
Wands
 r - a wand of flame (10)
Scrolls
 f - 3 scrolls of noise {unknown}
 g - a scroll of immolation
 i - 3 scrolls of vulnerability {unknown}
 k - a scroll of summoning {unknown}
 l - 2 scrolls of teleportation {unknown}
 p - 4 scrolls of identify {unknown}
 q - a scroll of blinking {unknown}
 u - a scroll of torment {unknown}
 F - a scroll of poison {unknown}
Potions
 d - a potion of cancellation {unknown}
 h - 3 potions of curing {unknown}
 j - 2 potions of attraction
 m - a potion of invisibility {unknown}
 n - a potion of ambrosia {unknown}
 v - a potion of resistance {unknown}
 w - 3 potions of lignification
 z - a potion of magic {unknown}
 A - 2 potions of flight {unknown}
 G - a potion of haste {unknown}
 I - 3 potions of degeneration
 N - a potion of might {unknown}


   Skills:
 + Level 3.3 Fighting
 - Level 3.0 Short Blades
 + Level 5.3 Ranged Weapons
 + Level 5.4 Dodging
 - Level 5.0 Stealth
 + Level 3.9 Spellcasting
 + Level 3.7 Hexes
 + Level 1.3 Summonings


You had 10 spell levels left.
You knew the following spells:

 Your Spells              Type           Power      Damage    Failure   Level
a - Ensorcelled Hibernat  Hex/Ice        12%        N/A       17%         2
b - Call Imp              Summ           5%         N/A       21%         2

Your spell library contained the following spells:

 Spells                   Type           Power      Damage    Failure   Level
 Beastly Appendage        Tmut           4%         N/A       24%         1
 Magic Dart               Conj           8%         1d3       24%         1
 Passwall                 Tmut/Erth      1%         N/A       36%         2
 Wereblood                Tmut           2%         N/A       36%         2
 Mephitic Cloud           Conj/Pois/Air  2%         N/A       58%         3
 Ozocubu's Armour         Ice            2%         N/A       58%         3
 Spider Form              Tmut/Pois      2%         N/A       58%         3
 Swiftness                Air            2%         N/A       58%         3
 Ozocubu's Refrigeration  Ice            1%         4d7       100%        7


Dungeon Overview and Level Annotations

Branches:
Dungeon (5/15)
 Temple: D:4-7

Altars:
Gozag
Makhleb

Shops:
D:5 !

Annotations:
D:5 Menkaure


Innate Abilities, Weirdness & Mutations

You are very small and have problems with some larger weapons.
You are too small for most types of armour.
You have supernaturally acute eyesight. (SInv)
You cover ground extremely quickly. (Speed+++)


Message History

The lava is a mimic!
The lava mimic guffaws and vanishes in a puff of smoke!
You now have 139 gold pieces (gained 3).
The lava is a mimic!
The lava mimic snickers and vanishes in a puff of smoke!
You now have 142 gold pieces (gained 3).
You now have 145 gold pieces (gained 3).
Casting: Ensorcelled Hibernation (safe; 17% risk of failure)
Confirm with . or Enter, or press ? or * to list all spells.
You can't see any susceptible monsters within range! (Use Z to cast anyway.)
Casting: Ensorcelled Hibernation (safe; 17% risk of failure)
Confirm with . or Enter, or press ? or * to list all spells.
A beastly little devil appears in a puff of flame.
Your crimson imp says, "Let's raise disruption!"
Casting: Call Imp (safe; 21% risk of failure)
Confirm with . or Enter, or press ? or * to list all spells.
A beastly little devil appears in a puff of flame.
Your crimson imp disappears in a puff of smoke!
Menkaure casts a spell.
Menkaure seems to speed up.
What are your orders? t - Shout!
Orders for allies: a - Attack new target. r - Retreat! s - Stop attacking. g - Guard the area. f - Follow me.
Anything else - Cancel.
Gang up on whom?
Press: ? - help, Dir - move target, f - Menkaure
Aim: Menkaure (fast, ally target) Attack!
Menkaure shouts, "The sands of time shall wipe you from history!"
Menkaure calls on the powers of darkness!
Your body is wracked with pain!
Your crimson imp blinks!
Menkaure calls on the powers of darkness!
Your body is wracked with pain!
* * * LOW HITPOINT WARNING * * *
Menkaure casts a spell at you. Pain shoots through your body!
You die...

#.....# #.######## #..⌠..###
##...≈≈≈.§§ #.......###
#........§§ ##.........#
##....≈≈≈..≈ #..........#
#...######## #..........#
##.####.....# #..........#
#.......#####
#..........########.########...
#.............@.........(....##
##.........##......##########..
#.............###### #..#
#...........M######## ###.##
#.......5.....<.....######.J...
#.......................##l....
#..............M....###...<....
##.........>...................
#.....5.......................


You could see Menkaure (fast) and a friendly crimson imp (summoned).

Vanquished Creatures
  The ghost of ryw the Trooper, an amateur DsMo (D:3)
  An ogre (D:5)
  A phantom (D:5)
  A kobold brigand (D:3)
  4 wights (D:4)
  2 howler monkeys
  A jelly (D:5)
  2 orc priests (D:4)
  2 hounds (D:5)
  Crazy Yiuf (D:2)
  An iguana (D:4)
  2 orc wizards (D:4)
  5 adders
  A shadow imp (D:5)
  4 ufetubi
  A worm (D:5)
  3 dart slugs
  5 orcs (D:4)
  5 ball pythons
  5 bats
  8 endoplasms
  2 giant cockroaches
  6 goblins
  8 hobgoblins
  3 jackals (D:4)
  14 kobolds
  3 quokkas
  4 frilled lizards
  4 rats
100 creatures vanquished.

Vanquished Creatures (others)
  4 fungi
  A plant (D:3)
5 creatures vanquished.

Grand Total: 105 creatures vanquished

Notes
Turn   | Place    | Note
-------+----------+-------------------------------------------
     0 | D:1      | koil the Spriggan Hunter began the quest for the Orb.
     0 | D:1      | Reached XP level 1. HP: 10/10 MP: 2/2
    74 | D:1      | Reached XP level 2. HP: 13/15 MP: 3/3
   106 | D:1      | Learned a level 2 spell: Ensorcelled Hibernation
   258 | D:1      | Reached skill level 1 in Spellcasting
   547 | D:2      | Reached XP level 3. HP: 18/18 MP: 5/5
  1157 | D:2      | Found a runed translucent door.
  1158 | D:2      | Noticed Crazy Yiuf
  1192 | D:2      | Killed Crazy Yiuf
  1193 | D:2      | Reached skill level 1 in Hexes
  1193 | D:2      | Reached XP level 4. HP: 23/23 MP: 5/7
  1444 | D:3      | Found a runed translucent gate.
  1444 | D:3      | Found a runed translucent gate.
  1444 | D:3      | Noticed ryw's ghost (amateur DsMo)
  1449 | D:3      | Found a runed translucent gate.
  1450 | D:3      | Noticed a kobold brigand
  1484 | D:3      | Found a faded altar of an unknown god.
  1595 | D:3      | Found a burning altar of Makhleb.
  1600 | D:3      | Became a worshipper of Makhleb the Destroyer
  1933 | D:3      | Reached skill level 1 in Short Blades
  2093 | D:3      | Killed ryw's ghost
  2094 | D:3      | Reached XP level 5. HP: 14/26 MP: 7/9
  2306 | D:4      | Reached XP level 6. HP: 32/32 MP: 10/10
  2671 | D:4      | Reached * piety under Makhleb
  2936 | D:4      | Learned a level 2 spell: Call Imp
  3044 | D:4      | Reached XP level 7. HP: 35/35 MP: 12/12
  3199 | D:4      | Reached skill level 5 in Ranged Weapons
  3299 | D:4      | Reached skill level 5 in Stealth
  3593 | D:5      | Entered Level 5 of the Dungeon
  3621 | D:5      | Reached skill level 5 in Dodging
  3700 | D:5      | Reached skill level 1 in Summonings
  3965 | D:5      | Found Feaq's Distillery.
  3969 | D:5      | Bought a potion of degeneration for 12 gold pieces
  3969 | D:5      | Bought a potion of lignification for 36 gold pieces
  3969 | D:5      | Bought a potion of attraction for 36 gold pieces
  4049 | D:5      | Reached XP level 8. HP: 40/40 MP: 14/14
  4055 | D:5      | Noticed Menkaure
  4277 | D:5      | Identified the +4 mace of Anguish {pain, rElec rPois Int+4
                  | Dex+2}
  4332 | D:5      | Found an opulent altar of Gozag.
  4379 | D:5      | Killed from afar by Menkaure

Illustrated notes

Levels and vault maps discovered:
D:1:      heliophobic_arrival_ceremonial_halls, layout_rooms
D:2:      layout_loops_ring, uniq_crazy_yiuf_cottage
D:3:      layout_loops_ring, lightli_temple_of_fire,
          chequers_ecumenical_altar_simple, gammafunk_ghost_nasty_kobolds
D:4:      layout_basic
D:5:      layout_rooms, pf_just_have_faith, serial_shops, shop,
          solitary_fountain, uniq_menkaure

Skill      XL: |  1  2  3  4  5  6  7 |
---------------+----------------------+-----
Stealth        | 2 3 4 5 |  5.0
Dodging        | 3 4 5 |  5.4
Spellcasting   | 1 2 3 |  3.9
Fighting       | 2 3 |  3.3
Hexes          | 1 2 3 |  3.7
Short Blades   | 1 2 3 |  3.0
Ranged Weapons | 5 |  5.3
Summonings     | 1 |  1.3

Action                   |  1- 3 |  4- 6 |  7- 9 || total
-------------------------+-------+-------+-------++-------
Melee: Short sword       |     5 |       |       ||     5
 Fire: Shortbow          |    81 |   162 |   119 ||   362
 Cast: Ensorcelled Hiber |       |       |     5 ||     5
       Call Imp          |       |       |     2 ||     2
Armor: Robe              |     2 |     2 |     4 ||     8
Dodge: Dodged            |     9 |    33 |    66 ||   108

Table legend: (Time is in decaauts)
 A = Elapsed time spent in this place.
 B = Non-inter-level travel time spent in this place.
 C = Inter-level travel time spent in this place.
 D = Time resting spent in this place.
 E = Time spent auto-exploring this place.
 F = Levels seen in this place.
 G = Mean time per level.
                   A        B        C        D        E       F      G
               +--------+--------+--------+--------+--------+-----+--------+
         Total |   3104 |   3058 |     46 |    167 |   1967 |   5 |  620.8 |
       Dungeon |   3104 |   3058 |     46 |    167 |   1967 |   5 |  620.8 |
               +--------+--------+--------+--------+--------+-----+--------+

Top non-repeatable levels by time:
     D:4: 955 daAuts
     D:3: 663 daAuts
     D:5: 638 daAuts
     D:2: 478 daAuts
     D:1: 369 daAuts
